 Dungeon Crawl Stone Soup version 0.26-a0-720-g2a1d101 (webtiles) character file.

Game seed: 6158049415830651000

756 EtherealNebula the Chopper (level 8, -1/61 HPs)
             Began as a Human Fighter on Nov 2, 2020.
             Slain by a sky beast (5 damage)
             ... on level 5 of the Dungeon.
             The game lasted 00:19:32 (5326 turns).

EtherealNebula the Chopper (Human Fighter)          Turns: 5326, Time: 00:19:33

Health: -1/61      AC:  7    Str: 18    XL:     8   Next: 7%
Magic:  8/8        EV:  9    Int:  9    God:
Gold:   190        SH:  9    Dex: 13    Spells: 7/7 levels left

rFire    . . .     SeeInvis .   a - +1 war axe
rCold    . . .     Faith    .   c - +0 kite shield
rNeg     . . .     Spirit   .   b - +0 scale mail
rPois    .         Reflect  .   (no helmet)
rElec    .         Harm     .   (no cloak)
rCorr    .         Rampage  .   (no gloves)
MR       .....                  (no boots)
Stlth    ..........             (no amulet)
HPRegen  0.20/turn              (no ring)
MPRegen  0.11/turn              (no ring)

@: no status effects
A: no striking features
a: no special abilities


You were on level 5 of the Dungeon.
You visited 1 branch of the dungeon, and saw 5 of its levels.

You collected 190 gold pieces.

Inventory:

Hand Weapons
 a - a +1 war axe (weapon)
 j - a +1 shortbow of freezing
 C - a +2 flail of pain
 D - a +0 whip of venom
 G - a +0 dagger of protection
Missiles
 w - 33 poisoned darts (quivered)
Armour
 b - a +0 scale mail (worn)
 c - a +0 kite shield (worn)
 x - a +0 plate armour
Jewellery
 m - a +4 ring of evasion {unknown}
 n - an uncursed ring of see invisible {unknown}
 v - an uncursed ring of fire {unknown}
 y - an uncursed ring of see invisible {unknown}
 E - an uncursed ring of see invisible {unknown}
 F - an uncursed ring of magical power {unknown}
Wands
 o - a wand of flame (12)
Scrolls
 e - 6 scrolls of identify {unknown}
 i - a scroll of fear {unknown}
 k - a scroll of fog {unknown}
 l - 2 scrolls of teleportation {unknown}
 t - 3 scrolls of enchant armour {unknown}
 u - 6 scrolls of remove curse {unknown}
 z - a scroll of noise {unknown}
Potions
 d - 2 potions of might
 f - 3 potions of berserk rage {unknown}
 g - 3 potions of magic {unknown}
 h - 3 potions of degeneration {unknown}
 p - 2 potions of flight {unknown}
 q - a potion of haste {unknown}
 r - a potion of brilliance {unknown}
 s - 2 potions of cancellation {unknown}
 A - a potion of heal wounds {unknown}
 B - 2 potions of curing


   Skills:
 + Level 4.5 Fighting
 * Level 5.1 Axes
 + Level 4.4 Armour
 + Level 3.1 Dodging
 + Level 4.4 Shields


You had 7 spell levels left.
You didn't know any spells.
Your spell library was empty.

Dungeon Overview and Level Annotations

Branches:
Dungeon (5/15)
 Temple: D:4-7

Altars:

Annotations:
D:3 2 runed translucent doors, hair's ghost, amateur DsFE


Message History

Something hits you but does no damage.
You closely miss something. Something hits you. Something shocks you.
* * * LOW HITPOINT WARNING * * *
A sky beast appears from thin air!
Reactivating autopickup.
You hit the sky beast.
The sky beast is heavily wounded.
The sky beast hits you but does no damage.
The sky beast hits you.
* * * LOW HITPOINT WARNING * * *
The sky beast shocks you.
* * * LOW HITPOINT WARNING * * *
The sky beast flickers out of sight!
Deactivating autopickup; reactivate with Ctrl-A.
You open the door. Something hits you but does no damage.
There is an open door here.
Something is blocking the doorway!
Something hits you.
* * * LOW HITPOINT WARNING * * *
Something shocks you.
You die...

#................#...
#................#...
##..##...........#)..
###'##....##....##...
#...##.))รท########..#
#........[......##.(#
##.)##...............
##..##...............
#...@{..........##..#
#....#....##....##..#
#....#.)..##....##...
############.....#...
##..##....##.....#...
#....#..........##..#
#....#..........##..#
#....#...........#...
#....#...........#...


There were no monsters in sight!

Vanquished Creatures
  An ice beast (D:5)
  An ogre (D:4)
  A phantom (D:5)
  A centaur (D:5)
  A quasit (D:5)
  A jelly (D:5)
  A hound (D:4)
  4 orc wizards
  A worker ant (D:4)
  2 hound skeletons
  5 adders
  4 worms
  2 dart slugs
  3 leopard geckos
  11 orcs
  3 giant cockroaches
  10 goblins
  3 hobgoblins
  7 jackals
  14 kobolds
  2 quokkas
  2 ball pythons
  7 bats
  8 frilled lizards
  6 rats
101 creatures vanquished.

Notes
Turn   | Place    | Note
-------+----------+-------------------------------------------
     0 | D:1      | EtherealNebula the Human Fighter began the quest for the
                  | Orb.
     0 | D:1      | Reached XP level 1. HP: 18/18 MP: 1/1
    98 | D:1      | Reached XP level 2. HP: 24/24 MP: 2/2
   579 | D:1      | Reached XP level 3. HP: 29/29 MP: 3/3
   934 | D:2      | Reached skill level 1 in Dodging
  1204 | D:2      | Reached XP level 4. HP: 30/35 MP: 4/4
  1388 | D:2      | Reached skill level 3 in Axes
  2337 | D:3      | Reached XP level 5. HP: 38/41 MP: 5/5
  2884 | D:3      | Found a large runed translucent door.
  2885 | D:3      | Found a large runed translucent door.
  2892 | D:3      | Noticed hair's ghost (amateur DsFE)
  2961 | D:3      | Reached XP level 6. HP: 32/48 MP: 6/6
  3541 | D:4      | Noticed an ogre
  3581 | D:4      | Killed an ogre
  3581 | D:4      | Reached skill level 4 in Axes
  4170 | D:5      | Entered Level 5 of the Dungeon
  4170 | D:5      | Noticed an ice beast
  4179 | D:5      | Killed an ice beast
  4179 | D:5      | Reached XP level 7. HP: 39/54 MP: 7/7
  4931 | D:5      | Reached skill level 5 in Axes
  4995 | D:5      | Reached XP level 8. HP: 35/61 MP: 8/8
  5326 | D:5      | Slain by a sky beast

Illustrated notes

Levels and vault maps discovered:
D:1:      giann_forest_graveyard, layout_basic
D:2:      wad_river_or_something, layout_basic
D:3:      layout_loops_cross, ebering_ghost_disaster_area
D:4:      layout_basic, minmay_misc_feat_five
D:5:      layout_gridville

Skill      XL: |  1  2  3  4  5  6  7 |
---------------+----------------------+-----
Dodging        | 1 2 3 |  3.1
Axes           | 3 4 5 |  5.1
Fighting       | 4 |  4.5
Armour         | 4 |  4.4
Shields        | 4 |  4.4

Action                   |  1- 3 |  4- 6 |  7- 9 || total
-------------------------+-------+-------+-------++-------
Melee: War axe           |   106 |   192 |    85 ||   383
  Use: Scroll            |       |       |     1 ||     1
       Potion            |       |       |     1 ||     1
Armor: Scale mail        |    62 |    60 |    32 ||   154
Dodge: Dodged            |    29 |    69 |    33 ||   131
Block: Kite shield       |    59 |   111 |    42 ||   212

Table legend: (Time is in decaauts)
 A = Elapsed time spent in this place.
 B = Non-inter-level travel time spent in this place.
 C = Inter-level travel time spent in this place.
 D = Time resting spent in this place.
 E = Time spent auto-exploring this place.
 F = Levels seen in this place.
 G = Mean time per level.
                   A        B        C        D        E       F      G
               +--------+--------+--------+--------+--------+-----+--------+
         Total |   5487 |   5389 |     98 |      2 |   4241 |   5 | 1097.4 |
       Dungeon |   5487 |   5389 |     98 |      2 |   4241 |   5 | 1097.4 |
               +--------+--------+--------+--------+--------+-----+--------+

Top non-repeatable levels by time:
     D:2: 1673 daAuts
     D:5: 1186 daAuts
     D:3: 1083 daAuts
     D:4: 815 daAuts
     D:1: 728 daAuts
